Map: [ESL] Site Delta

Players

DRG - Winner!

  • Race: Zerg Zerg
  • Spawn Location: 11:00

ByuN

  • Race: Terran Terran
  • Spawn Location: 5:00

VOD

Have the link to the VOD?

Description

Time

  • Played on: Nov. 27, 2023, 3:31 a.m.
  • Length: 20:03
Show
View Real Time Build Order
Export as new Build Order

DRG Zerg - Winner!

Build Orders: Hatch First 

Get SALT Encoding   

  12  0:00  Drone  
  13  0:07  Drone  
  14  0:14  Drone, Extractor  
  15  0:36  Hatchery  
  15  0:40  Extractor  
  15  0:41  Drone  
  15  0:47  Overlord  
  15  1:02  Spawning Pool  
  14  1:06  Drone  
  14  1:09  Drone  
  16  1:13  Drone  
  16  1:15  Extractor  
  16  1:19  Drone  
  17  1:28  Drone  
  18  1:38  Drone  
  19  1:49  Queen x2  
  19  1:50  Drone  
  19  1:53  Drone  
  25  2:00  Overlord  
  25  2:03  Drone  
  26  2:12  Drone x2  
  28  2:17  Metabolic Boost  
  28  2:21  Drone  
  29  2:26  Spore Crawler  
  29  2:28  Drone  
  29  2:32  Queen  
  29  2:36  Zergling x4  
  33  2:47  Overlord  
  33  2:49  Drone  
  33  2:55  Drone  
  33  2:58  Overlord  
  34  3:03  Drone x2  
  36  3:06  Drone x2  
  36  3:07  Drone  
  39  3:13  Queen  
  39  3:16  Zergling x2  
  42  3:21  Zergling x2  
  43  3:28  Zergling x4  
  43  3:33  Zergling x6  
  48  3:37  Overlord  
  48  3:40  Drone x2  
  49  3:44  Overlord  
  49  3:52  Drone x2  
  49  3:53  Hatchery  
  50  3:56  Drone  
  50  3:59  Queen  
  53  4:03  Drone  
  53  4:04  Drone  
  55  4:11  Queen  
  55  4:13  Overlord  
  55  4:16  Drone x2  
  59  4:18  Drone x2  
  59  4:24  Drone  
  62  4:25  Drone x3, Extractor  
  62  4:28  Overlord  
  64  4:35  Queen  
  64  4:37  Evolution Chamber x2  
  64  4:39  Drone x2  
  66  4:48  Drone x3  
  66  4:50  Drone  
  66  4:52  Queen  
  70  4:55  Overlord  
  70  4:57  Drone x3  
  75  5:02  Drone  
  75  5:04  Zerg Melee Weapons Level 1  
  75  5:05  Queen  
  75  5:06  Drone  
  79  5:08  Drone  
  79  5:11  Overlord  
  80  5:14  Drone x2  
  80  5:18  Zerg Ground Armor Level 1  
  82  5:21  Drone x3  
  82  5:25  Zergling x6  
  88  5:33  Overlord  
  88  5:34  Zergling x4  
  90  5:36  Lair  
  90  5:37  Overlord  
  90  5:44  Zergling x6  
  90  5:46  Hatchery  
  92  5:53  Drone  
  92  5:54  Drone x3  
  92  5:55  Drone x2  
  97  5:57  Drone  
  97  5:59  Baneling Nest, Extractor x2  
  95  6:07  Overlord  
  95  6:11  Zergling x12  
  101  6:13  Drone  
  101  6:18  Spore Crawler  
  101  6:20  Zergling x10  
  106  6:26  Overlord  
  106  6:32  Hatchery  
  104  6:33  Hatchery  
  104  6:39  Zergling x10  
  108  6:41  Drone, Hatchery  
  108  6:43  Centrifugal Hooks  
  108  6:45  Zergling x8  
  108  6:46  Baneling x8  
  112  6:50  Pneumatized Carapace  
  112  6:53  Zergling x8  
  116  7:00  Overseer  
  111  7:07  Zerg Melee Weapons Level 2  
  111  7:08  Overseer  
  111  7:09  Drone  
  111  7:13  Drone x10  
  122  7:20  Overlord  
  122  7:24  Drone x2  
  124  7:31  Zergling x6  
  124  7:32  Baneling  
  124  7:34  Zerg Ground Armor Level 2  
  124  7:37  Zergling x4  
  125  7:43  Zergling x8  
  123  7:45  Zergling x4  
  123  7:48  Queen  
  123  7:50  Zergling x2  
  123  7:51  Zergling x4  
  123  7:52  Zergling x4  
  123  7:56  Zergling x4  
  126  7:58  Zergling x2  
  126  7:59  Zergling x6  
  126  8:01  Baneling x9  
  126  8:02  Zergling x2  
  126  8:05  Zergling x4  
  132  8:09  Zergling x6  
  135  8:13  Zergling x6  
  135  8:15  Spore Crawler  
  135  8:18  Zergling x6  
  140  8:21  Drone x2  
  140  8:23  Extractor x2  
  137  8:27  Drone x2, Extractor  
  137  8:28  Drone, Queen  
  137  8:31  Baneling x9, Hydralisk Den  
  137  8:33  Drone  
  137  8:34  Drone x9, Zergling x2  
  150  8:35  Zergling x6  
  150  8:40  Zergling x4  
  150  8:41  Baneling x3  
  156  8:46  Overlord  
  156  8:47  Baneling x2  
  155  8:53  Zergling x12  
  155  8:54  Zergling x2  
  155  8:55  Zergling x8  
  148  8:58  Drone x3  
  148  9:02  Zergling x6  
  154  9:04  Baneling x4  
  154  9:07  Zergling x2  
  154  9:08  Zergling x6  
  157  9:11  Overlord x2  
  157  9:12  Hatchery  
  157  9:13  Baneling, Zergling x6  
  157  9:14  Baneling x6  
  158  9:18  Zergling x2  
  158  9:20  Zergling x8  
  159  9:25  Zergling x8  
  159  9:27  Zergling x2  
  159  9:30  Baneling x4  
  149  9:31  Zergling x6  
  149  9:33  Baneling x6  
  149  9:34  Zergling x12  
  156  9:41  Zergling x10  
  156  9:44  Baneling x7  
  156  9:45  Grooved Spines  
  161  9:49  Zergling x12  
  156  9:53  Zergling x8  
  156  9:55  Zergling x2  
  156  9:59  Zergling x10  
  161  10:01  Zergling x8  
  161  10:05  Zergling x8  
  169  10:10  Baneling x10  
  169  10:14  Zerg Missile Weapons Level 1  
  169  10:15  Drone, Extractor  
  169  10:16  Drone x2  
  169  10:17  Hydralisk  
  169  10:18  Hydralisk x2  
  169  10:19  Overlord x3  
  177  10:28  Baneling x7  
  177  10:32  Zergling x4  
  177  10:33  Overlord  
  177  10:34  Overlord  
  177  10:35  Muscular Augments  
  177  10:37  Hatchery  
  177  10:38  Overlord  
  177  10:40  Hydralisk x2  
  177  10:41  Hydralisk x2  
  177  10:42  Zergling x2  
  185  10:49  Infestation Pit  
  183  10:53  Zergling x12  
  183  10:55  Baneling x5  
  185  11:00  Baneling x4  
  176  11:05  Zergling x12  
  176  11:08  Zergling x4  
  176  11:09  Zergling x20  
  186  11:13  Zergling x8  
  186  11:17  Zergling x6  
  170  11:21  Zergling x6  
  170  11:23  Hatchery  
  170  11:24  Zergling x8  
  174  11:26  Zergling x6  
  174  11:29  Hive  
  174  11:31  Zergling x6  
  180  11:34  Zergling x10  
  180  11:39  Zergling x2  
  184  11:43  Zergling x10  
  185  11:51  Baneling x20  
  185  11:52  Baneling  
  183  11:57  Zergling x4  
  183  11:58  Zergling x2  
  183  11:59  Zergling x12  
  177  12:01  Overseer  
  166  12:11  Hatchery, Zergling x14  
  162  12:16  Hydralisk x5  
  162  12:20  Zergling x2  
  162  12:21  Zergling x10  
  177  12:27  Zergling x10  
  179  12:30  Lurker Den  
  179  12:34  Overseer  
  179  12:36  Drone x11  
  189  12:38  Zerg Missile Weapons Level 2  
  189  12:44  Zergling x8  
  189  12:48  Baneling x6  
  192  12:57  Zergling x26  
  177  12:59  Drone x2  
  171  13:09  Adrenal Glands  
  167  13:15  Viper x2  
  167  13:18  Zergling x16  
  169  13:22  Zergling x16  
  174  13:28  Drone x7  
  174  13:33  Zergling x10  
  186  13:37  Zergling x6  
  187  13:41  Baneling x6  
  181  13:49  Zergling x14  
  167  14:02  Zergling x10  
  164  14:09  Zerg Ground Armor Level 3  
  163  14:10  Drone x10  
  163  14:13  Hydralisk x5  
  163  14:16  Lurker x3  
  184  14:22  Spore Crawler, Zergling x8  
  183  14:25  Drone x2  
  183  14:26  Drone  
  183  14:27  Zergling x4  
  183  14:28  Overseer  
  183  14:30  Drone  
  188  14:32  Spore Crawler  
  188  14:36  Overlord  
  185  14:44  Seismic Spines  
  182  14:46  Zergling x10  
  187  14:54  Overseer  
  187  14:59  Zergling x12  
  193  15:02  Drone x3  
  193  15:04  Spore Crawler  
  193  15:05  Baneling x8  
  195  15:08  Overseer  
  195  15:13  Baneling x2  
  190  15:25  Drone x2  
  190  15:26  Zergling x18  
  191  15:36  Baneling x6, Zergling x2  
  191  15:37  Zergling x12  
  191  15:40  Zergling x2  
  191  15:41  Zergling x24, Adaptive Talons  
  175  15:50  Hydralisk x5  
  175  15:56  Zergling x12  
  189  15:58  Baneling x3, Zergling x2  
  189  15:59  Zergling x4  
  189  16:03  Baneling x6, Lurker x2  
  194  16:05  Zergling x8  
  194  16:07  Baneling x3  
  195  16:12  Zergling x2  
  195  16:13  Zergling x4  
  195  16:15  Zergling x6  
  195  16:16  Zergling x2  
  190  16:23  Zergling x6  
  188  16:27  Hydralisk x4  
  193  16:36  Hatchery  
  178  16:40  Zergling x20  
  178  16:45  Zerg Missile Weapons Level 3  
  178  16:46  Zerg Melee Weapons Level 3, Zergling x4  
  178  16:47  Zergling x6  
  175  16:49  Lurker  
  175  16:51  Zergling x12  
  181  17:00  Drone x2  
  183  17:02  Zergling x2  
  183  17:03  Zergling x12  
  183  17:06  Baneling x3  
  183  17:07  Baneling x9  
  191  17:08  Zergling x14  
  191  17:11  Overseer  
  191  17:13  Baneling x2  
  191  17:14  Baneling x2  
  197  17:16  Drone  
  197  17:17  Drone  
  197  17:20  Hatchery, Drone  
  197  17:21  Extractor  
  198  17:23  Zergling x4  
  199  17:33  Zergling x10  
  199  17:41  Overseer x2  
  199  17:43  Zergling x2  
  194  17:49  Zergling x12  
  179  17:55  Zergling x16  
  179  17:58  Zergling x22  
  179  18:01  Baneling, Overseer  
  179  18:02  Baneling x14  
  179  18:03  Zergling x4  
  190  18:09  Drone x2  
  190  18:10  Drone, Zergling x12  
  190  18:11  Zergling x2  
  199  18:17  Baneling x14  
  199  18:19  Overlord  
  178  18:28  Zergling x22  
  178  18:31  Zergling x2  
  178  18:32  Zergling x14  
  181  18:34  Spine Crawler  
  181  18:35  Spine Crawler  
  181  18:37  Hydralisk x3  
  169  18:42  Overlord  
  169  18:45  Zergling x18, Overseer  
  169  18:46  Overseer  
  176  18:48  Zergling x8  
  176  18:53  Zergling x10  
  179  18:59  Zergling x18  
  169  19:05  Hydralisk x5  
  169  19:08  Drone x5  
  180  19:14  Baneling x17  
  180  19:15  Zergling x2  
  181  19:23  Baneling x3  
  178  19:24  Zergling x12  
  178  19:28  Baneling x9  
  175  19:35  Zergling x14  
  170  19:43  Zergling x18  
Show
View Real Time Build Order
Export as new Build Order

ByuN Terran 

Build Orders:  

Get SALT Encoding   

  12  0:00  SCV  
  13  0:12  SCV  
  14  0:17  Supply Depot  
  14  0:24  SCV  
  15  0:38  SCV  
  15  0:39  Barracks  
  16  0:43  Refinery  
  16  0:50  SCV  
  17  0:58  Barracks  
  17  1:02  SCV  
  18  1:15  SCV  
  20  1:25  Reaper  
  20  1:27  Orbital Command  
  20  1:31  Supply Depot  
  20  1:45  Reaper  
  21  1:52  SCV  
  22  2:02  Reaper  
  22  2:04  SCV  
  24  2:10  Command Center  
  24  2:16  SCV, Refinery  
  24  2:20  Reaper  
  26  2:28  SCV  
  27  2:40  Reaper  
  27  2:41  SCV  
  29  2:53  SCV  
  29  2:57  Barracks Reactor  
  30  2:59  Command Center  
  30  3:05  SCV  
  31  3:10  Factory  
  31  3:14  Barracks Tech Lab  
  31  3:22  SCV  
  31  3:23  Orbital Command  
  33  3:34  SCV  
  33  3:35  Marine x3, Stimpack  
  35  3:47  SCV  
  36  3:53  Marine  
  36  3:54  Marine x2  
  39  3:55  Factory Reactor  
  39  3:56  SCV  
  39  3:59  SCV  
  39  4:01  Starport  
  41  4:08  SCV  
  42  4:11  Marine  
  42  4:12  Orbital Command, SCV, Marine x2  
  46  4:20  Supply Depot, SCV  
  46  4:24  SCV  
  48  4:29  Marine  
  48  4:30  Marine x2  
  51  4:32  SCV  
  51  4:36  SCV  
  53  4:41  SCV  
  53  4:44  SCV, Medivac x2  
  59  4:46  Marine  
  59  4:47  Marine x2  
  59  4:48  SCV  
  59  4:50  Supply Depot  
  63  4:54  SCV, Refinery  
  63  4:56  SCV, Refinery  
  65  5:00  SCV  
  65  5:02  Engineering Bay  
  65  5:04  Marine, Engineering Bay  
  65  5:05  Marine x2  
  69  5:12  SCV x2  
  69  5:13  Supply Depot  
  71  5:20  Factory Reactor  
  71  5:22  Starport Reactor  
  71  5:23  Combat Shield  
  71  5:25  SCV x3, Barracks  
  74  5:31  Marine x2  
  74  5:32  Marine  
  74  5:34  Terran Infantry Weapons Level 1  
  77  5:36  Terran Infantry Armor Level 1  
  77  5:41  Orbital Command  
  77  5:44  SCV x2  
  77  5:47  Supply Depot  
  79  5:50  Barracks  
  79  5:53  Marine x3, Barracks  
  79  5:56  SCV x2  
  83  5:58  Medivac  
  85  6:04  Supply Depot  
  85  6:07  Supply Depot  
  85  6:08  Medivac  
  85  6:09  Widow Mine x2  
  85  6:11  Marine  
  91  6:12  SCV  
  93  6:26  SCV x3, Marine x3  
  93  6:30  Widow Mine  
  101  6:33  Marine x2  
  101  6:36  Supply Depot  
  101  6:38  SCV x3  
  104  6:40  Barracks Reactor x2  
  104  6:43  Marine, Medivac  
  104  6:44  Medivac  
  109  6:54  Supply Depot  
  109  6:55  Supply Depot x2  
  109  6:58  SCV x2, Marine x3  
  109  7:01  Marine x2  
  113  7:03  SCV  
  116  7:10  SCV  
  116  7:12  Factory  
  116  7:14  Armory  
  116  7:15  Supply Depot  
  117  7:16  SCV, Marine x7  
  117  7:19  Marine x2  
  117  7:21  SCV  
  117  7:22  SCV  
  129  7:28  SCV  
  130  7:34  Marine x2  
  130  7:35  Marine x2  
  130  7:36  Marine x2  
  132  7:38  Marine x2  
  130  7:45  Marine  
  124  7:51  Marine x2  
  124  7:53  Marine x2, Widow Mine  
  124  7:54  Widow Mine  
  124  7:55  SCV x3  
  135  7:59  Barracks  
  135  8:00  Barracks x2  
  135  8:02  Factory Tech Lab  
  135  8:04  Marauder  
  135  8:07  Command Center, Medivac x2  
  135  8:10  Terran Infantry Armor Level 2, Terran Infantry Weapons Level 2  
  139  8:13  Terran Vehicle And Ship Armor Level 1  
  139  8:17  Marine x5  
  144  8:24  Marine x2  
  144  8:26  Marine x2  
  143  8:28  Widow Mine x2  
  143  8:29  Widow Mine, Drilling Claws  
  143  8:34  Supply Depot  
  149  8:37  Refinery  
  149  8:45  Marauder  
  151  8:53  Marine x2  
  133  8:58  Marine x3  
  133  8:59  Marine x3  
  133  9:00  Barracks Reactor x2  
  138  9:03  Widow Mine x2  
  138  9:04  Widow Mine  
  138  9:06  Marauder  
  138  9:07  Barracks Reactor  
  143  9:11  Marine x2  
  143  9:16  Marine x3  
  145  9:17  Marine x3  
  146  9:25  Widow Mine x3  
  146  9:28  Marauder, Medivac x2  
  146  9:29  Marine x2  
  152  9:34  Marine x4  
  152  9:35  Marine x2  
  156  9:40  Marine x2  
  156  9:45  Marine x4  
  158  9:46  Widow Mine x3  
  158  9:47  Marine x2  
  158  9:48  Marine  
  158  9:50  Concussive Shells  
  158  9:52  Marine x4  
  170  9:53  Marine x2  
  170  9:58  Marine, Medivac  
  154  10:00  Marine  
  154  10:03  Marine x4  
  154  10:04  Marine  
  154  10:05  Marine  
  154  10:06  Planetary Fortress, Marine  
  161  10:09  Marine  
  161  10:10  Marine  
  163  10:17  Supply Depot, Marine x3  
  163  10:18  Marine x3  
  163  10:21  Marine x2  
  170  10:24  Sensor Tower  
  170  10:26  Command Center  
  171  10:29  Supply Depot x2  
  171  10:32  Terran Infantry Weapons Level 3  
  171  10:36  Marine  
  171  10:37  Marine x4  
  171  10:39  Marine x3  
  171  10:41  Marine x2  
  181  10:45  Marine  
  181  10:46  Marine  
  181  10:47  Marine x2  
  175  10:57  Marine  
  175  11:02  Marine  
  175  11:03  Marine x2  
  175  11:04  Widow Mine x2  
  166  11:08  Widow Mine  
  166  11:09  Marine x5  
  158  11:14  Marine x2  
  158  11:16  Marine  
  158  11:17  Marine x4  
  152  11:23  Marine  
  152  11:25  Marine x2, Widow Mine x2  
  152  11:27  Terran Infantry Armor Level 3, Marine x5  
  152  11:29  Widow Mine  
  152  11:31  Marine  
  152  11:32  Marine  
  162  11:34  Marine  
  162  11:35  Marine x4  
  167  11:41  Marine  
  167  11:43  Marine  
  167  11:45  Marine x6  
  167  11:46  Widow Mine x2  
  178  11:47  Medivac  
  178  11:49  Marine x2  
  178  11:51  Widow Mine  
  178  11:52  Marine x4  
  188  11:58  Marine  
  188  11:59  Marine  
  188  12:01  Marine  
  173  12:03  Marine x6  
  173  12:07  Marine x2  
  173  12:08  Widow Mine x2  
  180  12:11  Marine x4  
  180  12:12  Widow Mine  
  180  12:14  Medivac  
  175  12:18  Marine  
  175  12:19  Marine x2  
  175  12:21  Marine x3  
  175  12:22  Medivac  
  181  12:25  Marine x4  
  181  12:29  Widow Mine x2  
  189  12:34  Widow Mine  
  191  12:39  Marine  
  191  12:44  Marine, Medivac  
  191  12:45  Marine  
  191  12:50  Marine  
  196  12:51  Marine  
  196  12:52  Marine, Medivac  
  196  12:57  Marine x6  
  176  13:02  Widow Mine x2  
  176  13:03  Marine, Widow Mine  
  176  13:04  Marine x5  
  186  13:08  Marine  
  186  13:09  Marine x2  
  188  13:14  Medivac  
  188  13:15  Marine x6  
  189  13:21  Marine x5  
  189  13:22  Marine, Medivac  
  189  13:26  Marine  
  187  13:27  Marine x2  
  187  13:30  Widow Mine  
  187  13:33  Marine x6  
  197  13:38  Widow Mine x2  
  197  13:39  Marine x5  
  180  13:48  Marine  
  180  13:49  Marine  
  180  13:50  Marine x3  
  180  13:51  Marine x5, Widow Mine, Medivac  
  180  13:52  Medivac  
  172  13:57  Marine x2  
  172  13:58  Marine  
  172  13:59  Marine x2, Widow Mine  
  177  14:06  Marine  
  177  14:07  Marine x2  
  177  14:08  Marine x2  
  177  14:09  Marine x3  
  181  14:10  Marine x2  
  181  14:15  Marine x2  
  181  14:16  Marine  
  181  14:17  Marine x2  
  186  14:21  Medivac  
  186  14:22  Widow Mine, Medivac  
  186  14:23  Widow Mine x2  
  192  14:24  Marine x2  
  192  14:25  Planetary Fortress, Marine x2  
  192  14:26  Marine x2  
  196  14:33  Marine  
  196  14:34  Marine x3  
  198  14:43  Marine x5  
  192  14:49  Marine x6  
  192  14:51  Marine  
  192  14:52  Marine x2  
  192  14:58  Medivac x2  
  196  15:00  Widow Mine x2  
  196  15:01  Widow Mine  
  196  15:03  Missile Turret  
  198  15:07  Marine  
  198  15:08  Marine  
  199  15:22  Marine  
  189  15:29  Marine  
  189  15:30  Marine x4  
  189  15:31  Marine  
  189  15:33  Marine  
  189  15:34  Marine x7  
  192  15:36  Widow Mine x2  
  192  15:40  Marine  
  192  15:42  Widow Mine  
  191  15:47  Marine  
  191  15:48  Marine x4  
  191  15:49  Marine  
  165  15:51  Marine, Medivac x2  
  165  15:52  Marine x7  
  162  15:57  Marine  
  162  15:58  Widow Mine x2  
  167  16:05  Marine x5  
  167  16:07  Marine  
  167  16:09  Marine  
  167  16:10  Marine  
  142  16:20  Marine x4  
  142  16:21  Widow Mine x2  
  142  16:22  Marine  
  142  16:23  Marine x4  
  153  16:29  Marine  
  153  16:30  Marine  
  153  16:31  Marine x4  
  159  16:34  Widow Mine  
  159  16:38  Marine  
  159  16:39  Marine  
  142  16:40  Marine x5  
  142  16:43  Marine, Widow Mine  
  142  16:44  Marine  
  142  16:47  Marine  
  126  16:48  Marine x3  
  126  16:49  Marine x2  
  126  16:53  Widow Mine  
  134  16:55  Marine  
  134  16:56  Widow Mine  
  134  16:57  Marine x2  
  134  16:58  Marine x4  
  134  16:59  Liberator x2  
  134  17:01  Marine  
  148  17:02  Marine  
  148  17:04  Marine, Widow Mine  
  148  17:06  Marine x5  
  157  17:13  Marine  
  157  17:14  Widow Mine  
  157  17:15  Marine x2  
  161  17:16  Marine x4  
  161  17:17  Widow Mine  
  161  17:20  Orbital Command  
  168  17:25  Widow Mine  
  169  17:33  Marine x6  
  169  17:36  Widow Mine  
  164  17:38  Marine  
  164  17:39  Marine x8  
  164  17:42  Medivac x2  
  177  17:51  Marine x3  
  176  17:54  Marine  
  176  17:56  Marine x2  
  176  17:57  Marine x3  
  171  18:02  Marine x5  
  176  18:08  Marine  
  176  18:12  Medivac x2  
  181  18:14  Marine x3, Widow Mine x3  
  181  18:15  Marine x5  
  181  18:16  Marine  
  194  18:20  Marine x2  
  170  18:30  Marine  
  170  18:31  Marine  
  170  18:32  Marine x7  
  158  18:35  Widow Mine x2  
  158  18:36  Marine  
  158  18:41  Marine  
  154  18:42  Marine, Medivac x2  
  154  18:47  Marine x3  
  154  18:48  Marine  
  157  18:49  Marine x2  
  157  18:50  Marine x6  
  157  18:51  Orbital Command  
  159  18:57  Marine  
  159  18:58  Marine  
  159  19:00  Marine  
  159  19:01  SCV  
  126  19:04  Marine  
  126  19:05  Marine  
  126  19:06  Marine  
  126  19:07  Marine  
  126  19:08  Marine  
  133  19:14  Marine x3  
  133  19:15  Marine  
  132  19:27  Marine x5  
  132  19:28  Marine x4  
  140  19:31  Marine  
  140  19:35  Marine x3  
  133  19:45  Marine  
Tags
 
Matchup
TvZ
Player
ByuNDRG
Replay Pack
December 2023
Spawn Locations
Cross Positions
Add a new tag
Caveats
  • Supply blocks, unpowered buildings, or Contaminate may cause inaccurate times.
  • Supply counts are checked every 10 seconds.